Map: Moondance

Players

LiquidClem (Clem) - Winner!

  • Race: Terran Terran
  • League: Grandmaster
  • Spawn Location: 12:00

ForJumY

  • Race: Protoss Protoss
  • League: Grandmaster
  • Spawn Location: 6:00

Event: HomeStory Cup XXII

VOD

Have the link to the VOD?

Description

Time

  • Played on: Dec. 15, 2022, 5:46 a.m.
  • Length: 6:03

All games in this series

Show
View Real Time Build Order
Export as new Build Order

LiquidClem Terran - Winner!

Build Orders: Reaper Expand 

Get SALT Encoding   

  12  0:00  SCV  
  13  0:12  SCV  
  14  0:16  Supply Depot  
  14  0:24  SCV  
  15  0:38  SCV  
  15  0:40  Barracks  
  16  0:45  Refinery  
  16  0:50  SCV  
  17  1:02  SCV  
  18  1:14  SCV  
  19  1:26  Orbital Command  
  19  1:27  Reaper  
  20  1:40  Command Center  
  20  1:53  SCV  
  21  1:55  Supply Depot  
  21  1:59  Marine  
  22  2:05  SCV  
  23  2:08  Factory  
  23  2:13  Refinery  
  23  2:17  SCV  
  24  2:23  Bunker  
  24  2:24  Barracks Reactor  
  25  2:30  SCV  
  25  2:42  SCV  
  26  2:52  Orbital Command  
  26  2:54  SCV, Starport  
  29  2:58  Hellion  
  29  3:00  Marine  
  29  3:02  Marine  
  31  3:06  SCV  
  32  3:18  SCV x2, Marine  
  35  3:20  Supply Depot, Factory Tech Lab, Marine  
  36  3:30  SCV x2  
  38  3:40  Cyclone  
  40  3:42  SCV x2, Viking  
  40  3:45  Marine  
  40  3:46  Marine  
  44  3:54  SCV x2  
  46  3:57  Supply Depot  
  46  4:02  Barracks  
  46  4:03  Marine  
  46  4:04  Marine  
  46  4:06  SCV x2  
  50  4:12  Siege Tank  
  50  4:16  Supply Depot  
  53  4:18  SCV  
  53  4:19  Medivac  
  53  4:20  Marine  
  53  4:21  SCV  
  53  4:22  Marine  
  59  4:29  Refinery  
  59  4:30  SCV, Barracks  
  60  4:34  Engineering Bay  
  60  4:38  Marine  
  60  4:39  SCV  
  60  4:40  Marine  
  60  4:42  SCV  
  64  4:49  Supply Depot, Refinery  
  64  4:51  SCV  
  65  4:55  SCV  
  65  4:56  Marine  
  65  4:57  Marine  
  65  4:58  Factory Tech Lab  
  68  5:01  Liberator  
  68  5:03  SCV  
  68  5:06  Supply Depot  
  69  5:11  Siege Tank  
  69  5:12  SCV  
  69  5:15  SCV  
  69  5:21  Marine  
  60  5:24  SCV, Marine  
  60  5:25  Marine  
  60  5:27  SCV  
  66  5:37  SCV, Marine  
  66  5:40  SCV  
  66  5:42  Marine  
  68  5:43  Marine  
  68  5:49  SCV  
  61  5:57  Starport Tech Lab  
Show
View Real Time Build Order
Export as new Build Order

ForJumY Protoss 

Build Orders: 1 Gate Expand 

Get SALT Encoding   

  12  0:00  Probe  
  13  0:12  Probe  
  14  0:17  Pylon  
  14  0:24  Probe  
  15  0:35  Gateway  
  15  0:36  Probe (Chrono Boost)  
  16  0:46  Probe (Chrono Boost), Assimilator  
  17  0:51  Probe (Chrono Boost)  
  18  1:03  Probe  
  19  1:15  Probe  
  20  1:22  Cybernetics Core  
  20  1:34  Nexus  
  20  1:40  Pylon  
  20  1:44  Probe  
  21  1:52  Assimilator  
  21  1:56  Probe  
  21  1:57  Adept (Chrono Boost)  
  24  2:07  Warp Gate  
  24  2:08  Probe  
  25  2:17  Adept (Chrono Boost)  
  25  2:20  Probe  
  27  2:32  Probe  
  27  2:36  Robotics Facility  
  28  2:49  Adept, Probe x2 (Chrono Boost)  
  32  2:57  Probe (Chrono Boost)  
  34  2:59  Probe (Chrono Boost)  
  34  3:00  Gateway  
  34  3:03  Probe  
  35  3:09  Probe  
  36  3:15  Probe  
  37  3:20  Immortal (Chrono Boost)  
  37  3:26  Gateway  
  41  3:35  Gateway  
  41  3:42  Probe  
  40  3:50  Warp Prism (Chrono Boost)  
  40  3:52  Gateway  
  42  4:00  Gateway  
  42  4:04  Sentry x2  
  42  4:08  Pylon  
  46  4:13  Pylon  
  46  4:42  Stalker x4  
  54  4:47  Zealot  
  54  4:48  Pylon  
  54  4:51  Pylon  
  54  5:11  Zealot x6  
  50  5:34  Stalker x3  
  50  5:35  Zealot x3  
Tags
 
Add a new tag
Caveats
  • Supply blocks, unpowered buildings, or Contaminate may cause inaccurate times.
  • Supply counts are checked every 10 seconds.